 Dungeon Crawl Stone Soup version 0.28-a0-851-g8b9cc49659 (webtiles) character file.

Game seed: 18154645399862628579

102 horus123 the Sneak (level 5, -4/32 HPs)
             Began as a Kobold Brigand on Nov 13, 2021.
             Killed by nerve-wracking pain
             ... invoked by an orc priest
              (11 damage)
             ... on level 3 of the Dungeon on Nov 14, 2021.
             The game lasted 00:05:05 (1767 turns).

horus123 the Sneak (Kobold Brigand)                 Turns: 1767, Time: 00:05:05

Health: -4/32      AC:  6    Str:  8    XL:     5   Next: 5%
Magic:  5/5        EV: 14    Int: 13    God:
Gold:   54         SH:  0    Dex: 17    Spells: 4/4 levels left

rFire   . . .      SeeInvis .   a - +2 dagger
rCold   . . .      Faith    .   (shield restricted)
rNeg    . . .      Spirit   .   b - +0 robe
rPois   .          Reflect  .   h - +0 helmet
rElec   .          Harm     .   c - +0 cloak
rCorr   .          Rampage  .   (no gloves)
Will    .....                   f - +1 pair of boots
Stlth   +++++.....              (no amulet)
HPRegen 0.10/turn               (no ring)
MPRegen 0.09/turn               (no ring)

@: no status effects
A: small, no large weapons, nightstalker 3
a: no special abilities


You were on level 3 of the Dungeon.
You visited 1 branch of the dungeon, and saw 3 of its levels.

You collected 54 gold pieces.

Inventory:

Hand Weapons
 a - a +2 dagger (weapon)
Armour
 b - a +0 robe (worn)
 c - a +0 cloak (worn)
 f - a +1 pair of boots (worn)
 h - a +0 helmet (worn)
Magical Staves
 i - a staff of conjuration
Jewellery
 l - a ring of resist corrosion
Scrolls
 k - a scroll of blinking
 m - a scroll of enchant armour {unknown}
 n - a scroll of immolation {unknown}
Potions
 g - a potion of ambrosia
 j - a potion of magic {unknown}
 o - 2 potions of lignification {unknown}


   Skills:
 + Level 3.0 Fighting
 + Level 3.2 Short Blades
 + Level 2.7 Throwing
 + Level 1.7 Dodging
 + Level 6.9 Stealth


You had 4 spell levels left.
You didn't know any spells.
Your spell library contained the following spells:

 Spells                   Type           Power      Damage    Failure   Level
 Beastly Appendage        Tmut           0%         N/A       30%         1
 Freeze                   Ice            0%         1d3       30%         1
 Wereblood                Tmut           0%         N/A       43%         2
 Frozen Ramparts          Ice            0%         1d2       67%         3
 Spider Form              Tmut/Pois      0%         N/A       67%         3
 Hailstorm                Conj/Ice       0%         3d3       97%         4


Dungeon Overview and Level Annotations

Branches:
Dungeon (3/15)

Altars:


Innate Abilities, Weirdness & Mutations

You are small and have problems with some larger weapons.
You are completely attuned to the shadows.


Message History

You hit the orc priest but do no damage.
The orc priest is moderately wounded.
The orc barely misses you. The orc priest closely misses you.
You bump into the rock wall.
The orc completely misses you.
The orc priest calls down the wrath of Beogh upon you.
Beogh smites you!
* * * LOW HITPOINT WARNING * * *
You barely miss the orc priest.
The orc priest is moderately wounded.
You feel less invigorated.
You feel less confused. The orc hits you but does no damage.
The orc priest hits you but does no damage.
You closely miss the orc priest.
The orc priest is moderately wounded.
The orc hits you but does no damage.
The orc priest hits you but does no damage.
You barely miss the orc priest.
The orc priest is moderately wounded.
The orc hits you with a +0 club. The orc priest hits you with a +0 club.
* * * LOW HITPOINT WARNING * * *
You hit the orc priest but do no damage.
The orc priest is moderately wounded.
The orc closely misses you. The orc priest barely misses you.
You hit the orc priest but do no damage.
The orc priest is moderately wounded.
The orc hits you but does no damage.
You hit the orc priest but do no damage.
The orc priest is moderately wounded.
The orc priest begins to cast a cantrip, but forgets the words!
The orc barely misses you.
You hit the orc priest but do no damage.
The orc priest is moderately wounded.
The orc priest barely misses you.
You hit the orc priest.
The orc priest is heavily wounded.
The orc misses you.
The orc priest mumbles some strange prayers to Beogh against you.
Pain shoots through your body!
You die...

#..†..#
#####.#
#.##.#
#....#
##.####
#####..#
#......#
#o###..#
#@o{#..#
###o#....
(#.### o#
.#


You could see an orc priest and 2 orcs.

Vanquished Creatures
  Jessica (D:2)
  An adder (D:2)
  An adder skeleton (D:3)
  4 dart slugs
  2 orcs (D:3)
  5 ball pythons
  8 endoplasms
  5 giant cockroaches
  A goblin (D:1)
  2 hobgoblins (D:2)
  4 jackals (D:1)
  3 kobolds
  2 quokkas (D:1)
  5 bats
  7 rats
51 creatures vanquished.

Notes
Turn   | Place    | Note
-------+----------+-------------------------------------------
     0 | D:1      | horus123 the Kobold Brigand began the quest for the Orb.
     0 | D:1      | Reached XP level 1. HP: 12/12 MP: 1/1
    65 | D:1      | Reached XP level 2. HP: 17/18 MP: 2/2
   272 | D:1      | Reached XP level 3. HP: 16/22 MP: 3/3
   361 | D:1      | Reached skill level 6 in Stealth
   412 | D:1      | Found a faded altar of an unknown god.
  1073 | D:2      | Reached XP level 4. HP: 18/27 MP: 4/4
  1308 | D:2      | Upgraded the game from 0.28-a0-850-g09de17f5b5 to
                  | 0.28-a0-851-g8b9cc49659
  1402 | D:2      | Noticed Jessica
  1406 | D:2      | Killed Jessica
  1612 | D:3      | Reached XP level 5. HP: 32/32 MP: 5/5
  1767 | D:3      | Killed from afar by an orc priest

Illustrated notes

Levels and vault maps discovered:
D:1:      minmay_arrival_doors, layout_rooms,
          ebering_ecumenical_altar_sacrificial, eino_curves_02
D:2:      layout_rooms, uniq_jessica
D:3:      layout_basic

Skill      XL: |  1  2  3  4 |
---------------+-------------+-----
Stealth        | 6 |  6.9
Short Blades   | 3 |  3.2
Fighting       | 3 |  3.0
Throwing       | |  2.7
Dodging        | |  1.7

Action                   |  1- 3 |  4- 6 || total
-------------------------+-------+-------++-------
Melee: Dagger            |    80 |    43 ||   123
Throw: Dart              |    16 |    20 ||    36
  Use: Scroll            |     4 |       ||     4
       Potion            |       |     1 ||     1
 Stab: Sleeping          |    14 |     7 ||    21
Armor: Robe              |    18 |    14 ||    32
Dodge: Dodged            |    54 |    37 ||    91

Table legend: (Time is in decaauts)
 A = Elapsed time spent in this place.
 B = Non-inter-level travel time spent in this place.
 C = Inter-level travel time spent in this place.
 D = Time resting spent in this place.
 E = Time spent auto-exploring this place.
 F = Levels seen in this place.
 G = Mean time per level.
                   A        B        C        D        E       F      G
               +--------+--------+--------+--------+--------+-----+--------+
         Total |   1745 |   1706 |     39 |    156 |   1177 |   3 |  581.7 |
       Dungeon |   1745 |   1706 |     39 |    156 |   1177 |   3 |  581.7 |
               +--------+--------+--------+--------+--------+-----+--------+

Top non-repeatable levels by time:
     D:1: 857 daAuts
     D:2: 736 daAuts
     D:3: 151 daAuts
